 Dungeon Crawl Stone Soup version 0.27.1-35-g4d5d836560 (webtiles) character file.

Game seed: 10803874541537903747

2951 Faeu the Blocker (level 9, -2/82 HPs)
             Began as a Minotaur Fighter on Mar 25, 2022.
             Was an Initiate of Yredelemnul.
             Slain by a gnoll (13 damage)
             ... in a bailey.
             The game lasted 00:34:00 (6030 turns).

Faeu the Blocker (Minotaur Fighter)                 Turns: 6030, Time: 00:34:00

Health: -2/82      AC: 12    Str: 24    XL:     9   Next: 51%
Magic:  8/8        EV:  7    Int:  5    God:    Yredelemnul [......]
Gold:   420        SH: 11    Dex: 10    Spells: 8/8 levels left

rFire    . . .     SeeInvis +   B - +3 rapier "Mevyesosy" {speed, SInv, short}
rCold    + . .     Faith    .   c - +0 kite shield
rNeg     . . .     Spirit   .   A - +0 chain mail {rF+}
rPois    .         Reflect  .   (helmet restricted)
rElec    .         Harm     +   H - scarf {harm}
rCorr    .         Rampage  .   C - +0 pair of gloves
Will     .....                  (no boots)
Stlth    ..........             h - amulet of regeneration {@e2}
HPRegen  1.23/turn              n - ring of ice
MPRegen  0.11/turn              I - +4 ring of slaying

@: no status effects
A: horns 2, retaliatory headbutt
a: Renounce Religion


You were in a bailey.
You worshipped Yredelemnul.
Yredelemnul was noncommittal.
You visited 2 branches of the dungeon, and saw 8 of its levels.
You also visited: Sewer and Bailey.

You collected 420 gold pieces.


Innate Abilities, Weirdness & Mutations

You have a pair of horns on your head.
You reflexively headbutt those who attack you in melee.


   Skills:
 + Level 8.8 Fighting
 + Level 8.3 Long Blades
 + Level 8.7 Armour
 + Level 8.8 Shields


You had 8 spell levels left.
You didn't know any spells.
Your spell library contained the following spells:

 Spells                   Type           Power      Damage    Failure   Level
 Ignite Poison            Fire/Tmut/Pois 0%         N/A       100%        3
 Mephitic Cloud           Conj/Pois/Air  0%         N/A       100%        3
 Ozocubu's Armour         Ice            0%         N/A       100%        3
 Bolt of Magma            Conj/Fire/Erth 0%         4d4       100%        5
 Ozocubu's Refrigeration  Ice            0%         4d5       100%        7

Inventory:

Hand Weapons
 a - a +0 long sword {long}
 w - a +3 flail of holy wrath {mace}
   (You took it off Edmund on level 4 of the Dungeon)
 y - a +0 club {mace}
   (You took it off a kobold on level 4 of the Dungeon)
 B - the +3 rapier "Mevyesosy" (weapon) {speed, SInv, short}
   (You found it on level 4 of the Dungeon)

   Attacks with this weapon are significantly faster.
   SInv:      It lets you see invisible.
Missiles
 b - 2 curare-tipped darts {=fthrowing}
 g - a throwing net {=f!fthrowing}
 i - 230 stones {throwing}
 o - 148 arrows
 t - 26 poisoned darts {throwing}
 u - 120 sling bullets
 G - 77 boomerangs (quivered) {throwing}
Armour
 c - a +0 kite shield (worn)
 s - a +0 leather armour of poison resistance
   (You found it on level 3 of the Dungeon)
 A - a +0 chain mail of fire resistance (worn)
   (You found it on level 4 of the Dungeon)
 C - a +0 pair of gloves (worn)
   (You found it on level 4 of the Dungeon)
 H - a scarf of harm (worn)
   (You found it on level 5 of the Dungeon)
Jewellery
 h - an amulet of regeneration (around neck) {@e2}
   (You found it on level 1 of the Dungeon)
 n - a ring of ice (left hand)
   (You found it on level 2 of the Dungeon)
 I - a +4 ring of slaying (right hand)
   (You found it on level 5 of the Dungeon)
Wands
 L - a wand of paralysis (5)
   (You found it on level 7 of the Dungeon)
Scrolls
 e - a scroll of holy word {unknown}
 f - a scroll of amnesia {unknown}
 m - a scroll of enchant weapon {unknown}
 p - 4 scrolls of teleportation {@r4}
 q - a scroll of immolation {unknown}
 r - a scroll of vulnerability {unknown}
 v - 2 scrolls of noise {unknown}
 z - 2 scrolls of blinking {unknown}
 D - 3 scrolls of identify {unknown}
 E - a scroll of brand weapon {unknown}
 F - a scroll of acquirement {unknown}
Potions
 d - a potion of might
 j - 2 potions of curing {@q1}
 k - 3 potions of resistance {unknown}
 l - 3 potions of flight {unknown}
 x - 2 potions of mutation {unknown}
 J - a potion of brilliance {unknown}
 K - a potion of haste {unknown}
 M - 2 potions of invisibility
 N - a potion of magic {unknown}

Dungeon Overview and Level Annotations

Branches:
Dungeon (7/15)             Temple (1/1) D:6           Sewer (visited)
 Bailey (1/1)

Altars:
Dithmenos
Elyvilon
Fedhas
Gozag
Hepliaklqana
Kikubaaqudgha
Makhleb
Nemelex Xobeh
Okawaru
Qazlal
Sif Muna
Trog
Uskayaw
Vehumet
Wu Jian
Xom
Yredelemnul
Zin
The Shining One

Shops:
D:5 ( D:7

( ### ###
#####
#.###.###.'@##
##'##'##'###'#
##.....##
##ggo..#
###.....###
gg...#
#.'.†⌠..'.#
g.⌠..'.
###.....###
.....##
##†.†.)#
.....#
##)##'##'#
#g##'##'#
#.###.# #.#g#
.# #.


You could see 3 gnolls and a hobgoblin.


Message History

You headbutt the kobold, but do no damage. 😕 HP[+1]
You closely miss the kobold. 😕 HP[+1]
You hit the kobold but do no damage.
The kobold hits you but does no damage. 😕 HP[+1]
You closely miss the kobold. You block the kobold's attack. 😕 HP[+1]
You hit the kobold. Your headbutt misses the kobold.
You block the kobold's attack. 😕 HP[+1]
You puncture the kobold!
You kill the kobold!
Yredelemnul accepts your kill. 😕 HP[+1]
You puncture the hobgoblin!
You kill the hobgoblin!
Yredelemnul accepts your kill. 😕 HP[+1]
The hobgoblin throws a boomerang.
You block the boomerang.
Things that are here:
7 boomerangs {throwing}; a kobold corpse 😎 HP[+1]
Your hp is fully restored (82).
There is an open door here.
Items here: ! ( ) †††.
G - 62 boomerangs {throwing} (gained 8);
N - a grey potion
Things that are here:
7 boomerangs {throwing}; a kobold corpse You block the hobgoblin's attack.
You hit the hobgoblin.
You kill the hobgoblin!
Yredelemnul accepts your kill. You block the gnoll's attack.
Things that are here:
4 boomerangs {throwing}; a hobgoblin corpse You block the gnoll's attack.
You puncture the gnoll! You headbutt the gnoll.
You kill the gnoll!
Yredelemnul accepts your kill.
You see here a +2 halberd of electrocution {polearm}.
There is an open door here.
There is a fountain of blood here.
G - 66 boomerangs {throwing} (gained 4)
You see here a hobgoblin corpse.
G - 73 boomerangs {throwing} (gained 7)
You see here a kobold corpse.
Something unseen opens the door.
A kobold comes into view.
The kobold shouts!
You hear a shout!
You see here a kobold corpse.
There is an open door here.
Items here: ) †††.
There is an open door here.
Items here: ) †††.
You see here a kobold corpse.
The kobold throws a boomerang.
You block the boomerang.
A kobold is nearby!
You barely miss the kobold. You headbutt the kobold.
You kill the kobold!
Yredelemnul accepts your kill.
G - 77 boomerangs {throwing} (gained 4)
M - 2 potions of invisibility (gained 1)
You see here a kobold corpse.
There is an open door here.
There is an open door here.
There is an open door here.
A hobgoblin and 2 gnolls come into view.
A gnoll is wielding a +2 halberd of electrocution.
A gnoll is wielding a +0 halberd of electrocution.
The gnoll shouts!
The hobgoblin shouts!
A hobgoblin comes into view.
The gnoll moves out of view.
There is an open door here.
A hobgoblin and a gnoll come into view.
The hobgoblin shouts!
The gnoll shouts!
A gnoll comes into view.
It is wielding a +0 halberd of electrocution.
An orc warrior comes into view. It is wielding a +0 scimitar.
The hobgoblin throws a boomerang.
You block the boomerang.
There is an open door here.
You block the gnoll's attack.
The gnoll hits you from afar with a +0 halberd of electrocution!
You are electrocuted!
You block the gnoll's attack.
There is an open door, spattered with blood here. 😮 HP[-33]
You take 33 damage, and now have 49/82 hp.
MASSIVE DAMAGE!! (PAUSE)
You hit the gnoll. You headbutt the gnoll! You block the gnoll's attack.
The gnoll hits you from afar with a +0 halberd of electrocution.
You are electrocuted!
* * * LOW HITPOINT WARNING * * *
The gnoll barely misses you. 😨 HP[-26]
You take 26 damage, and now have 23/82 hp.
MASSIVE DAMAGE!! (PAUSE)
The gnoll hits you from afar with a +0 halberd of electrocution!
* * * LOW HITPOINT WARNING * * *
You are electrocuted!
You die...
Your body rises from the dead as a mindless zombie.

Skill      XL: |  1  2  3  4  5  6  7  8  9 |
---------------+----------------------------+-----
Armour         | 4 5 6 8 |  8.7
Fighting       | 4 5 6 8 |  8.8
Shields        | 4 5 6 8 |  8.8
Long Blades    | 3 4 5 6 7 8 |  8.3

Action                   |  1- 3 |  4- 6 |  7- 9 || total
-------------------------+-------+-------+-------++-------
Melee: Long sword        |    98 |    55 |       ||   153
       Headbutt          |     9 |    27 |    39 ||    75
       Flail             |       |   124 |   103 ||   227
       Rapier            |       |       |   168 ||   168
Throw: Stone             |    35 |    13 |     3 ||    51
       Boomerang         |       |       |    48 ||    48
  Use: Scroll            |       |       |     1 ||     1
Armor: Scale mail        |    52 |    51 |       ||   103
       Chain mail        |       |    30 |    99 ||   129
Dodge: Dodged            |    33 |    58 |    59 ||   150
Block: Kite shield       |    57 |    88 |   153 ||   298
       Rpst.: Long sword |     5 |     5 |       ||    10

Levels and vault maps discovered:
D:1:      heliophobic_arrival_glass_houses, layout_loops_ring,
          chequers_serial_rivers_marsh, minivault_14
D:2:      layout_basic, shapermc_ecumenical_altar_notcrosses,
          kennysheep_generic_room_12
D:3:      minmay_roachtagon, layout_rooms, elyvilon_altar_3,
          grunt_dithmenos_smoke_and_mirrors,
          nicolae_gozag_cash_rules_everything_around_me,
          kennysheep_generic_room_8
D:4:      layout_basic, tgw_xom, kennysheep_orc_sif_temple,
          portal_sewer_entry_b, uniq_edmund
D:5:      layout_loops_cross, serial_shops, shop, uniq_duvessa, uniq_pikel
D:6:      layout_rooms, minmay_temple_entry_ruins, hangedman_minor_gate_pass
D:7:      layout_layer_cave, nicolae_vehumet_radiance, enter_bailey_5,
          ebering_ghost_reflecting_pool, serial_shops, shop, kennysheep_mini
Temple:   regret_index_temple_generic_petals
Bailey:   bailey_axe_2, bailey

Notes
Turn   | Place    | Note
-------+----------+-------------------------------------------
     0 | D:1      | Faeu the Minotaur Fighter began the quest for the Orb.
     0 | D:1      | Reached XP level 1. HP: 19/19 MP: 0/0
     0 | D:1      | magus.rc [v1.9.6]
   147 | D:1      | Reached XP level 2. HP: 20/27 MP: 1/1
   404 | D:1      | Reached skill level 4 in Armour
   406 | D:1      | Reached skill level 4 in Fighting
   593 | D:1      | Reached skill level 4 in Shields
   594 | D:1      | Reached skill level 3 in Long Blades
   782 | D:1      | Reached XP level 3. HP: 33/33 MP: 2/2
  1591 | D:2      | Found a faded altar of an unknown god.
  1997 | D:3      | Found an opulent altar of Gozag.
  2069 | D:3      | Reached XP level 4. HP: 40/40 MP: 3/3
  2174 | D:3      | You add the spells Ozocubu's Armour and Ozocubu's
                  | Refrigeration to your library.
  2217 | D:3      | Found a white marble altar of Elyvilon.
  2277 | D:3      | Found a shadowy altar of Dithmenos.
  2402 | D:4      | Noticed Edmund
  2417 | D:4      | Killed Edmund
  2418 | D:4      | Reached skill level 5 in Fighting
  2418 | D:4      | Reached skill level 4 in Long Blades
  2418 | D:4      | Reached skill level 5 in Armour
  2418 | D:4      | Reached skill level 5 in Shields
  2418 | D:4      | Reached XP level 5. HP: 29/48 MP: 4/4
  2588 | D:4      | Found a shimmering altar of Xom.
  2692 | D:4      | Reached XP level 6. HP: 56/56 MP: 5/5
  2726 | D:4      | Identified the +3 rapier "Mevyesosy" {speed, SInv}
  2844 | D:4      | Found a glowing drain.
  2861 | Sewer    | Entered a sewer
  3003 | Sewer    | Reached skill level 5 in Long Blades
  3174 | Sewer    | Reached XP level 7. HP: 51/62 MP: 6/6
  3259 | Sewer    | Reached skill level 6 in Armour
  3287 | Sewer    | Reached skill level 6 in Fighting
  3357 | Sewer    | Reached skill level 6 in Shields
  3850 | D:4      | Found a shimmering blue altar of Sif Muna.
  3946 | D:5      | Entered Level 5 of the Dungeon
  3946 | D:5      | Noticed Duvessa
  3946 | D:5      | Noticed Dowan
  3957 | D:5      | Killed Duvessa
  3961 | D:5      | Killed Dowan
  4076 | D:5      | Reached skill level 6 in Long Blades
  4076 | D:5      | Reached XP level 8. HP: 71/71 MP: 7/7
  4100 | D:5      | Found Ymarphusaxi's Weapon Shop.
  4142 | D:5      | Noticed Pikel
  4161 | D:5      | Killed Pikel
  4162 | D:5      | Reached skill level 7 in Fighting
  4162 | D:5      | Reached skill level 7 in Armour
  4162 | D:5      | Reached skill level 7 in Shields
  4422 | D:5      | Identified the +1 ring mail of Sloth {Rampage rElec Int+4
                  | Dex-5}
  4700 | D:6      | Reached skill level 7 in Long Blades
  4770 | D:6      | Found a staircase to the Ecumenical Temple.
  4906 | D:6      | Reached skill level 8 in Fighting
  4906 | D:6      | Reached skill level 8 in Armour
  4906 | D:6      | Reached skill level 8 in Shields
  4906 | D:6      | Reached XP level 9. HP: 80/81 MP: 8/8
  5078 | D:6      | You add the spells Ignite Poison, Mephitic Cloud and Bolt
                  | of Magma to your library.
  5163 | Temple   | Entered the Ecumenical Temple
  5199 | Temple   | Became a worshipper of Yredelemnul the Dark
  5434 | D:7      | Found a radiant altar of Vehumet.
  5439 | D:7      | Found Ulatim's Antique Weapon Shoppe.
  5680 | D:7      | Reached skill level 8 in Long Blades
  5843 | D:7      | Found a flagged portal.
  5861 | Bailey   | Entered a bailey
  6030 | Bailey   | HP: 11/82 [gnoll (13)]
  6030 | Bailey   | Slain by a gnoll

Vanquished Creatures
  Pikel (D:5)
  A steam dragon (D:6)
  Edmund (D:4)
  A water moccasin (D:7)
  Duvessa (D:5)
  An ice beast (D:6)
  3 ogres
  2 black bears
  A centaur (D:6)
  4 kobold brigands
  A bullfrog (D:7)
  A wyvern zombie (D:6)
  Dowan (D:5)
  A water moccasin skeleton (D:7)
  3 wights (D:7)
  2 bullfrog zombies
  2 hounds (D:4)
  A bullfrog skeleton (D:5)
  2 gnoll shamans
  A centaur skeleton (D:7)
  3 iguanas (D:6)
  A howler monkey zombie (D:7)
  16 adders
  11 gnolls
  2 river rats
  A shadow imp (D:6)
  A white imp (D:6)
  6 worms (Sewer)
  3 dart slugs
  5 orcs
  11 ball pythons
  A bat (D:2)
  6 endoplasms
  11 giant cockroaches (D:3)
  9 goblins
  18 hobgoblins
  10 jackals
  23 kobolds
  5 quokkas
  2 frilled lizards (D:1)
  13 rats
189 creatures vanquished.

Table legend:
 A = Non-vault XP
 B = Vault XP
 C = Vault XP percentage of total XP
 D = Non-vault monster count
 E = Vault monster count
 F = Vault count percentage of total count
                 A         B        C        D         E       F
            +---------+---------+-------+---------+---------+-------
      Total |    1969 |    2247 |  53.3 |     100 |      89 |  47.1
            +---------+---------+-------+---------+---------+-------
        D:1 |      42 |       0 |   0.0 |      24 |       0 |   0.0
        D:2 |      28 |      13 |  31.7 |       9 |       1 |  10.0
        D:3 |      30 |      20 |  40.0 |      15 |      10 |  40.0
        D:4 |     297 |     199 |  40.1 |      21 |      12 |  36.4
        D:5 |     215 |     908 |  80.9 |       5 |       3 |  37.5
        D:6 |     612 |     517 |  45.8 |      13 |       7 |  35.0
        D:7 |     745 |       8 |   1.1 |      13 |       4 |  23.5
      Sewer |       0 |     442 | 100.0 |       0 |      28 | 100.0
     Bailey |       0 |     140 | 100.0 |       0 |      24 | 100.0
            +---------+---------+-------+---------+---------+-------

Illustrated notes

Table legend:
 A = Kills in this place as a percentage of kills in entire the game.
 B = Kills by you in this place as a percentage of kills by you in the entire game.
 C = Kills by friends in this place as a percentage of kills by friends in the entire game.
 D = Other kills in this place as a percentage of other kills in the entire game.
 E = Experience gained in this place as a percentage of experience gained in the entire game.
 F = Experience gained in this place divided by the number of levels of this place that you have seen.
                   A       B       C       D       E      F
               +-------+-------+-------+-------+-------+----------------------
         Total | 100.0 | 100.0 |   N/A |   N/A | 100.0 | 421.6
       Dungeon |  72.5 |  72.5 |   N/A |   N/A |  86.2 | 519.1
         Sewer |  14.8 |  14.8 |   N/A |   N/A |  10.5 | 442.0
        Bailey |  12.7 |  12.7 |   N/A |   N/A |   3.3 | 140.0
               +-------+-------+-------+-------+-------+----------------------

Table legend: (Time is in decaauts)
 A = Elapsed time spent in this place.
 B = Non-inter-level travel time spent in this place.
 C = Inter-level travel time spent in this place.
 D = Time resting spent in this place.
 E = Time spent auto-exploring this place.
 F = Levels seen in this place.
 G = Mean time per level.
                   A        B        C        D        E       F      G
               +--------+--------+--------+--------+--------+-----+--------+
         Total |   6443 |   6255 |    188 |      0 |   3848 |  10 |  644.3 |
       Dungeon |   5043 |   4885 |    158 |      0 |   3261 |   7 |  720.4 |
        Temple |    252 |    223 |     29 |      0 |     75 |   1 |  252.0 |
         Sewer |    977 |    977 |      0 |      0 |    472 |   1 |  977.0 |
        Bailey |    169 |    169 |      0 |      0 |     40 |   1 |  169.0 |
               +--------+--------+--------+--------+--------+-----+--------+

Top non-repeatable levels by time:
     D:1: 1028 daAuts
   Sewer: 977 daAuts
     D:4: 957 daAuts
     D:2: 777 daAuts
     D:5: 720 daAuts
     D:3: 625 daAuts
     D:6: 506 daAuts
     D:7: 427 daAuts
  Temple: 252 daAuts
  Bailey: 169 daAuts
